Cogmind - Beta 14 @@@ ROGUE MODE // 2024.10.08 @ 07:31:43 Player: Awoo-Bot Result: Destroyed by T2-VMJ(R) with Subdweller Machine Gun Performance ------------- Evolutions (0) 0 Regions Visited (3) 600 Robots Destroyed (14) 70 Value Destroyed (445) 445 Prototype IDs (11) 220 Alien Tech Used (0) 0 Bonus (0) 0 TOTAL SCORE: 1335 Bonus ------- None Cogmind --------- Core Integrity 0/250 Matter 153/300 Energy 113/125 System Corruption 0% Temperature Cool (0) Movement Core (500) Ox9 Location -10/Subcaves Parts ------- > --- POWER (1) -------- Light Ion Engine > --- PROPULSION (2) --- (None) > --- UTILITY (2) ------ Large Storage Unit Seismic Detector > --- WEAPON (2) ------- Assault Rifle Light Cannon > --- INVENTORY (15) --- Light Ion Engine Improved Terrain Scanner Gun Armor Assault Rifle Battle Rifle Ripper Peak State ------------ > --- POWER ------------ Ion Engine > --- PROPULSION ------- Light Treads Wheel > --- UTILITY ---------- Large Storage Unit Seismic Detector > --- WEAPON ----------- Medium Laser Ripper > --- INVENTORY -------- Light Ion Engine Light Ion Engine Light Treads Compact Wheel Improved Terrain Scanner Gun Armor Assault Rifle Assault Rifle Battle Rifle Light Cannon Grenade Launcher [Rating: 12] Favorites ----------- Power Ion Engine Engine Ion Engine Propulsion Wheel Treads Light Treads Wheel Wheel Utility Seismic Detector Device Seismic Detector Storage Large Storage Unit Weapon Light Cannon Energy Gun Medium Laser Ballistic Gun Assault Rifle Ballistic Cannon Light Cannon Launcher Grenade Launcher Slashing Weapon Ripper Build | -11 -10 -10 -10 ------- Run | Yrd Mat Min Sub Slots Evolved . | . . . . Power . | . . . . Propulsion . | . . . . Utility . | . . . . Weapon . | . . . . Parts Attached 24 | 7 4 1 12 Power 3 | 1 1 . 1 Engine 3 | 1 1 . 1 Core . | . . . . Reactor . | . . . . Propulsion 5 | 2 . . 3 Treads 3 | 1 . . 2 Leg . | . . . . Wheel 2 | 1 . . 1 Hover . | . . . . Flight . | . . . . Utility 3 | 2 1 . . Device 1 | 1 . . . Storage 2 | 1 1 . . Processor . | . . . . Hackware . | . . . . Protection . | . . . . Artifact . | . . . . Weapon 13 | 2 2 1 8 Energy Gun 1 | . . . 1 Energy Cannon . | . . . . Ballistic Gun 4 | 2 . . 2 Ballistic Cannon 4 | . 2 . 2 Launcher 2 | . . . 2 Special Weapon . | . . . . Impact Weapon . | . . . . Slashing Weapon 2 | . . 1 1 Piercing Weapon . | . . . . Special Melee Weapon . | . . . . Unidentified Prototypes . | . . . . Parts Lost 8 | . . 1 7 Power 1 | . . . 1 Propulsion 4 | . . . 4 Utility . | . . . . Weapon 3 | . . 1 2 Highest Loss Streak 6 | . . 1 6 To Critical Strikes 2 | . . 1 1 Average Slot Usage (%) 99 | . 100 100 97 Engine 14 | . 14 14 14 Treads 13 | . 14 14 12 Wheel 14 | . 14 14 15 Device 14 | . 14 14 14 Storage 14 | . 14 14 14 Energy Gun 5 | . . . 13 Ballistic Gun 1 | . 2 . . Ballistic Cannon 16 | . 25 25 3 Launcher 2 | . . . 6 Slashing Weapon 1 | . . 2 1 Peak Build Rating 12 | 7 8 11 12 Average Rating 8 | 4 7 8 8 On Entrance 6 | . 7 8 11 Naked Turns . | . . . . Heaviest Build 32 | 13 32 32 31 Greatest Support 26 | 10 10 10 26 Greatest Overweight (x) 3 | 3 3 3 3 Average Overweight (x) 2 | 1 1 3 2 Largest Inventory Capacity 15 | 8 15 15 15 Average Capacity 13 | 7 11 15 15 Most Carried 11 | 5 9 10 11 Average Carried 9 | 2 7 9 10 Final Capacity 15 | 8 15 15 15 Final Carried 9 | 5 9 9 6 Class Distribution -------------------- 100% | Mutant Dominant Class ---------------- Mutant | -10/Materials Mutant | -10/Mines Mutant | -10/Subcaves Resources | -11 -10 -10 -10 ----------- Run | Yrd Mat Min Sub Matter Collected 639 | 232 259 9 139 Remotely . | . . . . Salvage Created 343 | 43 204 . 96 Parts 27 | 5 14 . 8 Haulers Intercepted . | . . . . Recyclers Shooed . | . . . . Parts Field Recycled . | . . . . Retrieved Matter . | . . . . Parts Self-Destructed 2 | . . . 2 Prevented . | . . . . Kills | -11 -10 -10 -10 ------- Run | Yrd Mat Min Sub Combat Hostiles Destroyed 12 | . 8 1 3 Melee 1 | . . 1 . Cannons 8 | . 8 . . AOE 3 | . . . 3 Classes Destroyed 5 | 1 2 1 1 Tunneler 2 | 2 . . . Operator 1 | . 1 . . Grunt 8 | . 8 . . Subdweller 3 | . . . 3 Assembled 1 | . . 1 . Best Kill Streak 6 | 2 6 1 2 Combat Bots Only 5 | . 5 1 2 Max Kills in Single Turn 2 | 2 1 1 1 Gunslinging . | . . . . Exploded 1 | . . . 1 Melee 1 | . . 1 . Uniques/NPCs Destroyed . | . . . . Combat | -11 -10 -10 -10 -------- Run | Yrd Mat Min Sub Hostile Shots Fired 99 | . 32 14 53 Missed 25 | . 4 3 18 Damage Taken 1229 | . 341 160 728 Core 270 | . 58 62 150 Absorbed by Shields . | . . . . Core Remaining (%) 100 | 100 . . . Volleys Fired 52 | 3 27 7 15 Largest 2 | 2 2 2 2 Hottest 75 | 40 70 70 75 Shots Fired 90 | 6 54 9 21 Gun 19 | 6 4 . 9 Cannon 62 | . 50 9 3 Launcher 9 | . . . 9 Special . | . . . . Kinetic 78 | 6 54 9 9 Thermal 3 | . . . 3 Explosive 9 | . . . 9 Electromagnetic . | . . . . Robot Hit Streak 8 | 3 8 3 7 Robot Miss Streak 3 | 1 2 3 1 Penetration Max . | . . . . Secondary Targets . | . . . . Shots Hit Robots 59 | 4 35 6 14 Core Hits 23 | 2 11 1 9 Critical Kills . | . . . . Critical Parts Destroyed . | . . . . Critical Strikes 5 | . 2 . 3 Burn 1 | . . . 1 Destroy 1 | . . . 1 Blast 3 | . 2 . 1 Melee Attacks 13 | . . 10 3 Impact . | . . . . Slashing 13 | . . 10 3 Piercing . | . . . . Sneak Attacks . | . . . . Combat Hostiles . | . . . . Follow-up Attacks . | . . . . Damage Inflicted 1282 | 67 588 148 479 Guns 209 | 67 38 . 104 Cannons 672 | . 550 68 54 Explosions 321 | . . . 321 Melee 80 | . . 80 . Ramming . | . . . . Kinetic 856 | 67 588 68 133 Thermal 25 | . . . 25 Explosive 321 | . . . 321 Electromagnetic . | . . . . Impact . | . . . . Slashing 80 | . . 80 . Piercing . | . . . . Highest Corruption . | . . . . Average Corruption . | . . . . Corruption Purged . | . . . . Corruption Blocked . | . . . . Overload Shots . | . . . . Overflow Damage . | . . . . Projectiles . | . . . . Explosions . | . . . . Melee . | . . . . Knockbacks 11 | . 10 1 . Impact . | . . . . Kinetic 10 | . 9 1 . Secondary 1 | . 1 . . Self-Inflicted Damage . | . . . . Shots . | . . . . Rammed . | . . . . Targets Rammed . | . . . . Kicked . | . . . . Crushed . | . . . . Highest Temperature 125 | . 125 18 9 Average Temperature 34 | . 38 10 5 Received Heat Transfer 324 | . 180 . 144 Siege Activations . | . . . . Robots Corrupted . | . . . . Combat Hostiles . | . . . . Parts Fried . | . . . . Impact Corruptions . | . . . . Robots Melted . | . . . . Combat Hostiles . | . . . . Parts Melted . | . . . . Heat Transferred 148 | . . . 148 Parts Sabotaged . | . . . . Parts Stolen . | . . . . Parts Stripped . | . . . . Power Chain Reactions . | . . . . Alert | -11 -10 -10 -10 ------- Run | Yrd Mat Min Sub Peak Influence 252 | 10 252 25 . Initial 25 | . 6 25 . Average 58 | 1 96 23 . Maximum Alert Level 1 | . 1 . . Low Security (%) 93 | 100 87 100 . Level 1 6 | . 12 . . Level 2 . | . . . . Level 3 . | . . . . Level 4 . | . . . . Level 5 . | . . . . High Security . | . . . . Max Security . | . . . . Squads Dispatched 2 | . 2 . . Investigation 1 | . 1 . . Extermination . | . . . . Reinforcement 1 | . 1 . . Assault . | . . . . Garrison . | . . . . Intercept . | . . . . Searches Triggered . | . . . . Construction Impeded . | . . . . Haulers Reinforced . | . . . . Active Scanning Responses . | . . . . Cargo Convoy Interrupts . | . . . . Stealth | -11 -10 -10 -10 --------- Run | Yrd Mat Min Sub Distress Signals 1 | . . 1 . Communications Jammed . | . . . . Distress Signals . | . . . . Times Spotted 22 | . 11 4 7 Peak Tracking Total 7 | . 4 7 4 Tactical Retreats 2 | . . 2 . Traps | -11 -10 -10 -10 ------- Run | Yrd Mat Min Sub Traps Triggered 1 | . 1 . . Indirectly . | . . . . Trap Hack Attempts . | . . . . Triggered . | . . . . Disarmed . | . . . . Reprogrammed . | . . . . Reused . | . . . . Traps Extracted . | . . . . Installed . | . . . . Triggered . | . . . . Machines | -11 -10 -10 -10 ---------- Run | Yrd Mat Min Sub Machines Disabled 2 | . 1 . 1 Max in Single Turn 1 | . 1 . 1 Machines Repaired . | . . . . Machines Dismantled . | . . . . Machines Sabotaged . | . . . . Overloaded Fab Kills . | . . . . Hacking | -11 -10 -10 -10 --------- Run | Yrd Mat Min Sub Machines Accessed 2 | . 1 . 1 Terminals 1 | . 1 . . Fabricators . | . . . . Repair Stations . | . . . . Recycling Units . | . . . . Scanalyzers . | . . . . Garrison Access . | . . . . Total Hacks 8 | . 7 . 1 Successful 3 | . 2 . 1 Failed 5 | . 5 . . Catastrophic . | . . . . Database Lockouts . | . . . . Manual 7 | . 7 . . Terminals 7 | . 7 . . Fabricators . | . . . . Repair Stations . | . . . . Recycling Units . | . . . . Scanalyzers . | . . . . Garrison Access . | . . . . Terminal Hacks 1 | . . . 1 Derelict Proto ID Bank 1 | . . . 1 Fabricator Hacks . | . . . . Repair Station Hacks . | . . . . Recycling Unit Hacks . | . . . . Scanalyzer . | . . . . Garrison Access Hacks . | . . . . Unauthorized Hacks 2 | . 2 . . Terminals 2 | . 2 . . Botnet 1 | . 1 . . Skim 1 | . 1 . . Fabricators . | . . . . Repair Stations . | . . . . Recycling Units . | . . . . Scanalyzers . | . . . . Garrison Access . | . . . . Data Cores Recovered . | . . . . Used . | . . . . Hacking Detections 1 | . 1 . . Full Trace Events . | . . . . Feedback Events . | . . . . Feedback Blocked . | . . . . Robot Schematics Acquired . | . . . . Robots Built . | . . . . Authchips . | . . . . Time . | . . . . Total Robot Build Rating . | . . . . Part Schematics Acquired . | . . . . Parts Built . | . . . . Authchips . | . . . . Time . | . . . . Total Part Build Rating . | . . . . Parts Repaired . | . . . . Time . | . . . . Parts Recycled . | . . . . Recycled Matter . | . . . . Retrieved Matter . | . . . . Retrieved Components . | . . . . Parts Scanalyzed . | . . . . Part Schematics Acquired . | . . . . Parts Damaged . | . . . . Bothacking | -11 -10 -10 -10 ------------ Run | Yrd Mat Min Sub Used RIF Installer . | . . . . Robots Hacked . | . . . . Non-combat . | . . . . Combat . | . . . . Robot Hacks Applied . | . . . . Relay Couplers Released . | . . . . Fabnet Peak Effective % . | . . . . Robots Rewired . | . . . . Allies Hacked . | . . . . Hacks Repelled . | . . . . Allies | -11 -10 -10 -10 -------- Run | Yrd Mat Min Sub Total Allies . | . . . . Largest Group . | . . . . Highest-Rated Group . | . . . . Highest-Rated Ally . | . . . . Total Orders . | . . . . Ally Attacks . | . . . . Total Damage . | . . . . Kills . | . . . . Allies Corrupted . | . . . . Allies Melted . | . . . . Intel | -11 -10 -10 -10 ------- Run | Yrd Mat Min Sub Robot Analysis Total . | . . . . Derelict Logs Recovered 2 | . . 2 . Drone Launches . | . . . . Drone Recoveries . | . . . . Exploration | -11 -10 -10 -10 ------------- Run | Yrd Mat Min Sub Turns Passed 1485 | 73 464 373 575 Spaces Moved 1022 | 44 306 251 421 Core 11 | 11 . . . Treads 2 | . . . 2 Legs . | . . . . Wheels 1009 | 33 306 251 419 Hover . | . . . . Flight . | . . . . Fastest Speed 50 | 50 95 125 105 Average Speed 116 | 110 103 125 122 Slowest Speed 240 | 200 125 125 240 Overloaded Moves . | . . . . Propulsion Burnouts . | . . . . Robots Hopped . | . . . . Cave-ins Triggered . | . . . . Exploration Rate (%) 23 | 3 34 37 21 Regions Visited 3 Branch Regions 2 Pre-discovered Areas 1 | . . . 1 Known Exits Taken . | . . . . Unknown Exits Taken 3 | 1 1 1 . Scrap Searched . | . . . . Spaces Dug 1 | . . 1 . Terrain Destroyed 38 | . . 1 37 Melee 1 | . . 1 . Projectile . | . . . . AOE 37 | . . . 37 Terrain Rammed . | . . . . Walls Destroyed . | . . . . Machines Disabled . | . . . . Actions | -11 -10 -10 -10 --------- Run | Yrd Mat Min Sub Total 1197 | 58 400 286 453 Wait 75 | . 58 17 . Move 1019 | 43 305 250 421 Hop . | . . . . Pick Up 12 | 5 4 1 2 Fast Attach 7 | 7 . . . Attach 6 | . . 1 5 Detach . | . . . . Swap 11 | . 4 . 7 Drop 2 | . 2 . . Fire 52 | 3 27 7 15 Melee 13 | . . 10 3 Ram . | . . . . Kick . | . . . . Crush . | . . . . Escape Stasis . | . . . . Rewire . | . . . . Trap . | . . . . Miscellaneous . | . . . . Route ------- -11/Scrapyard -10/Materials -10/Mines (discovered 2 exits: [*Exi] / *Sub) -10/Subcaves History --------- Turn | Location | Event 19 | -11/Scrapyard | Discovered new exit (range 15) 74 | -11/Scrapyard | Entered Materials 305 | -10/Materials | Build established: Mutant 456 | -10/Materials | Discovered new exit (range 15) 538 | -10/Materials | Entered Mines 600 | -10/Mines | Learned 2 Materials zone layouts 656 | -10/Mines | Deemed a non-threat by the Exiles lab entrance 658 | -10/Mines | Discovered new exit (range 5) 680 | -10/Mines | A weapon hastily lodged in a ceiling crevice suddenly fell to the ground 746 | -10/Mines | Assembled infested the area 751 | -10/Mines | Assisted by a Guerilla fighting off Assembled 891 | -10/Mines | Discovered new exit (range 3) 911 | -10/Mines | Entered Subcaves 922 | -10/Subcaves | Shifting Twisted Machinery released Battle Rifle 948 | -10/Subcaves | Shifting Twisted Machinery released Sub. Machine Gun 1033 | -10/Subcaves | Visited 4L-MR0's lab 1044 | -10/Subcaves | Found Gun Armor 1149 | -10/Subcaves | Core integrity fell below 50% 1350 | -10/Subcaves | Learned location of Zion (-7) 1350 | -10/Subcaves | Met a Zionite searching for "candidates" 1469 | -10/Subcaves | Core integrity fell below 20% 1486 | -10/Subcaves | Destroyed by T2-VMJ(R) with Subdweller Machine Gun Last Messages --------------- 01174_ Acquired 15 matter. 01187_ Subatomizers dissect the Sub. Power Source, destroying it. 01191_ Acquired 32 matter. 01240_ Acquired 6 matter. 01349_ BS-YIS(z): "She is not going to be happy we haven't found any suitable candidates yet." 01350_ BS-YIS(z): "Hey you! It's really dangerous down here, I feel that you could die at any moment. For your health and safety might I suggest a trip to Zion?" World map updated: -7/Zion. 01382_ Grenade Launcher destroyed. 01456_ Wheel destroyed. 01460_ OS-5GX(R) suffers critical hit (Burn). 01470_ Ion Engine destroyed. 01472_ Com. Wheel destroyed. 01474_ Critical hit (Destroy). 01474_ Lgt. Treads destroyed. 01476_ Med. Laser destroyed. 01481_ 8R-6Y5(R) suffers critical hit (Destroy). 01484_ 8R-6Y5(R) Sub. Optics blasted off. Map ----- +----------------------------------------------------+ | #??####?##???# ### ######?????????????????????? | | ##?## ###??### ###?????????????????????????? | | #??# #### #???????????????????????????? | | #### "" ### #???????????????????????? | | ## """""""" #???????????????????????? | | " # #???????????????????????? | | """"" #### ##???????????????????????? | | ### "#??# #### ##????????????????????????? | | #?#########?## #???###?????????????????????????? | | ???????????## ##??????????????????????????????? | | ???????????# ##?????????????????????????????? | | ???????????## ##????????????????????????????? | | ????????????##### ##???????????????????????????? | | ????????????????## #???????????????????????????? | | ?????????????????# #???????????????????????????? | | ?????????????????# ######?????????#????????????? | | ?????????????????# ## ##???????"#####????????? | | ?????????????????# #?####?# #????????? | | ?????????????????# ### ## ##???????? | | ?????????????????#### % #???????? | | ????????????????????##R #???????? | | ?????????????????????# RR% #???????? | | ?????????????????????# ## ## #???????? | | ????????????????????## ;####? ##???????? | | ?????????????# ##; ##?????# ###????????? | | ?????????????# @##???????# #?????????? | | ?????????????# #????????? ##?????????? | | ???????????# # ## ##????????? #??????????? | | ????????????#????## ?####??????????? ??????????? | | ?????????????????? ???????????????? ?????????? | | ?????????????????# #?????????????????? #????????? | | ?????????????????##??????????????????? #????????? | | ??????????????????????????????????????? #????????? | | ?????????????????????????????????????????????????? | | ?????????????????????????????????????????????????? | | ?????????????????????????????????????????????????? | | ?????????????????????????????????????????????????? | | ?????????????????????????????????????????????????? | | ?????????????????????????????????????????????????? | | ?????????????????????????????????????????????????? | | ?????????????????????????????????????????????????? | | ?????????????????????????????????????????????????? | | ?????????????????????????????????????????????????? | | ?????????????????????????????????????????????????? | | ?????????????????????????????????????????????????? | | ?????????????????????????????????????????????????? | | ?????????????????????????????????????????????????? | | ?????????????????????????????????????????????????? | | ?????????????????????????????????????????????????? | | ?????????????????????????????????????????????????? | +----------------------------------------------------+ Best States ------------- Heat Dissipation 25 Energy Generation 10 Energy Capacity 250 Matter Stores 251 Matter Capacity 300 Sight Range 16 Terrain Scan Density 10 Evasion (%) 44 Recoil Reduction 1 Item Schematics ----------------- None Robot Schematics ------------------ None Fabricated ------------ Nothing Alien Tech Used ----------------- None Achievements -------------- None Challenges ------------ None Game ------ Seed ChipPhasingKit Manual? 0 Play Time 00:22:34 Cumulative 75.7 hours Start 2024.10.08 @ 07:13:42 End 2024.10.08 @ 07:31:43 Sessions 1 Manual Loads 0 Difficulty Rogue Special Mode None Game No. 127 Rogue 99 Adventurer 28 Explorer 0 Win Type - Total 0 Types 0/0/0/0/0/0/0/0/0 Lore% 15 Gallery% 29 Achievement% 31 Wizard Run 0 Options --------- Layout 0 ASCII 0 Keyboard 0 Movement Numpad Keybinds 0 Fullscreen 1 Font 36/SmallcapsGlow++ Map View 76x50 Zoom Use 0% Tactical HUD 1 Map Filters NONE Filters NONE Steam 1 RUN: f0bee108-722d-4591-8bfb-65de745bfefa